Map: Abyssal Reef LE

Players

SpeCiaL

  • Race: Terran Terran
  • Spawn Location: 11:00

Dayshi - Winner!

  • Race: Terran Terran
  • Spawn Location: 5:00

Event: WCS Valencia 2017

VOD

Have the link to the VOD?

Description

Time

  • Played on: July 13, 2017, 12:29 p.m.
  • Length: 13:35

All games in this series

Show
View Real Time Build Order
Export as new Build Order

SpeCiaL Terran 

Build Orders: 1/1/1, Cyclone Opening 

Get SALT Encoding   

  12  0:00  SCV  
  13  0:13  SCV  
  14  0:17  Supply Depot  
  14  0:25  SCV  
  15  0:30  Refinery  
  15  0:38  SCV  
  16  0:44  Barracks  
  16  0:50  SCV  
  16  0:56  Refinery  
  17  1:03  SCV  
  18  1:15  SCV  
  19  1:31  Orbital Command  
  19  1:32  Factory  
  19  1:35  Reaper  
  20  1:44  Supply Depot  
  20  1:57  SCV  
  21  2:07  Reaper  
  22  2:09  SCV  
  23  2:17  Starport  
  23  2:21  SCV  
  23  2:22  Cyclone  
  27  2:31  Supply Depot  
  27  2:33  SCV  
  28  2:44  Barracks Tech Lab  
  28  2:45  SCV  
  29  2:55  Hellion  
  29  2:57  SCV  
  32  3:07  Cloaking Field  
  32  3:08  Banshee  
  32  3:10  SCV  
  36  3:22  SCV  
  37  3:29  Supply Depot  
  38  3:34  SCV  
  38  3:41  Command Center  
  38  3:46  SCV  
  39  3:50  Cyclone  
  39  3:51  Barracks Reactor  
  42  3:58  SCV  
  43  4:09  Raven  
  43  4:10  SCV  
  46  4:17  Supply Depot  
  46  4:22  SCV  
  46  4:32  Marine  
  47  4:38  Marine  
  47  4:39  SCV, Cyclone  
  51  4:51  SCV  
  51  4:52  Marine  
  51  4:56  Marine  
  50  5:01  Orbital Command  
  50  5:03  SCV, Raven  
  53  5:10  Marine, Supply Depot  
  54  5:14  Marine  
  54  5:15  SCV  
  54  5:18  Orbital Command  
  54  5:21  Factory Tech Lab  
  53  5:27  SCV  
  53  5:28  Marine  
  55  5:34  Marine  
  56  5:39  Siege Tank, SCV  
  60  5:45  SCV  
  60  5:49  Supply Depot  
  62  5:51  SCV  
  60  6:00  SCV  
  60  6:01  Supply Depot  
  60  6:03  SCV  
  62  6:06  Viking x2  
  62  6:08  Marine  
  67  6:12  SCV  
  67  6:15  SCV  
  68  6:24  SCV  
  67  6:28  SCV  
  62  6:36  SCV  
  62  6:38  Siege Tank  
  63  6:40  SCV  
  63  6:47  Marine, Command Center  
  59  6:48  SCV  
  59  6:51  Viking  
  59  6:52  SCV  
  64  6:57  Refinery  
  64  6:58  Refinery  
  64  7:01  SCV, Viking  
  65  7:05  SCV  
  67  7:13  SCV  
  65  7:17  SCV  
  65  7:20  Marine  
  57  7:24  Siege Tank  
  57  7:25  SCV  
  57  7:29  SCV  
  57  7:36  Bunker  
  57  7:37  SCV  
  57  7:38  Marine  
  57  7:40  Viking  
  57  7:41  SCV  
  57  7:42  Viking  
  64  7:49  SCV  
  64  7:50  Stimpack  
  65  7:53  SCV  
  65  7:56  Marine  
  67  8:00  Orbital Command  
  67  8:01  SCV  
  67  8:05  Siege Tank  
  54  8:18  SCV  
  53  8:20  SCV  
  53  8:23  Marine  
  52  8:28  SCV  
  52  8:29  Barracks  
  52  8:30  SCV  
  52  8:32  SCV  
  55  8:37  Siege Tank  
  55  8:39  Starport Reactor  
  55  8:40  Supply Depot  
  55  8:41  SCV  
  59  8:42  SCV  
  59  8:44  SCV, Refinery  
  61  8:53  SCV  
  61  8:54  SCV  
  61  8:55  Marine  
  64  8:57  SCV  
  64  8:59  Barracks  
  65  9:05  SCV  
  65  9:06  SCV  
  65  9:09  SCV  
  68  9:12  Siege Tank  
  68  9:13  Marine  
  60  9:17  SCV  
  60  9:18  SCV  
  60  9:21  SCV  
  59  9:29  SCV  
  59  9:31  SCV  
  61  9:33  SCV  
  61  9:34  Marine x2  
  61  9:35  Marine, Starport Reactor  
  65  9:41  SCV  
  65  9:43  SCV  
  65  9:45  SCV  
  60  9:49  Siege Tank  
  60  9:52  Marine  
  56  9:53  SCV  
  56  9:55  Engineering Bay  
  58  10:00  Marine x4  
  58  10:02  Combat Shields  
  58  10:06  SCV x2, Engineering Bay  
  64  10:09  SCV  
  64  10:10  Marine  
  66  10:16  Medivac  
  66  10:17  Medivac  
  66  10:18  Marine  
  71  10:23  Marine x2  
  71  10:24  Marine  
  74  10:29  Terran Infantry Weapons Level 1  
  74  10:33  Terran Infantry Armor Level 1  
  73  10:39  Barracks  
  73  10:41  Barracks  
  73  10:45  Siege Tank  
  73  10:48  Marine x2  
  73  10:49  Marine  
  78  10:51  Marine  
  79  10:58  Marine  
  79  11:01  Medivac x2  
  81  11:06  Marine x2  
  83  11:11  Supply Depot  
  83  11:16  Marine x2  
  83  11:17  Marine  
  83  11:24  Marine  
  83  11:25  Siege Tank  
  87  11:29  Barracks Reactor x2  
  87  11:37  Orbital Command  
  86  11:41  Marine  
  86  11:42  Marine  
  86  11:43  Marine x2  
  86  11:45  Marine  
  87  11:47  SCV x2  
  89  11:59  Marine  
  88  12:05  Marine x2  
  88  12:10  Marine  
  88  12:12  SCV  
  88  12:13  SCV  
  88  12:15  SCV  
  89  12:21  Marine  
  90  12:25  SCV  
  90  12:27  Marine  
  85  12:31  Armory  
  85  12:32  Marine  
  85  12:35  Marine x2  
  85  12:36  Marine  
  77  12:42  Marine  
  78  12:45  SCV x2  
  78  12:47  Marine  
  78  12:48  Marine  
  81  12:51  Marine  
  81  12:53  Marine  
  81  12:57  SCV x2  
  84  13:02  Marine  
  84  13:04  Marine  
  86  13:08  Marine x2  
  86  13:09  Marine  
  86  13:10  Marine  
  89  13:16  Marine  
Show
View Real Time Build Order
Export as new Build Order

Dayshi Terran - Winner!

Build Orders: 1/1/1, Cyclone Opening, Bio Tank 

Get SALT Encoding   

  12  0:00  SCV  
  13  0:12  SCV  
  14  0:17  Supply Depot  
  14  0:24  SCV  
  15  0:29  Refinery  
  15  0:38  SCV  
  16  0:44  Barracks  
  16  0:50  SCV  
  16  0:56  Refinery  
  17  1:03  SCV  
  18  1:15  SCV  
  19  1:31  Reaper  
  19  1:32  Orbital Command  
  20  1:34  Factory  
  20  1:42  Supply Depot  
  20  1:57  SCV  
  21  2:03  Reaper  
  22  2:09  SCV  
  23  2:18  Starport  
  23  2:20  Cyclone  
  26  2:23  SCV  
  26  2:27  Supply Depot  
  27  2:36  Barracks Tech Lab, SCV  
  28  2:48  SCV  
  29  3:01  Cloaking Field  
  29  3:02  Banshee  
  32  3:11  Barracks Reactor  
  32  3:17  Command Center  
  32  3:19  Factory Tech Lab  
  32  3:21  SCV  
  32  3:26  Supply Depot  
  33  3:34  SCV  
  37  3:48  SCV  
  38  3:52  Raven  
  38  3:53  Marine x2  
  39  3:57  Supply Depot  
  39  3:58  Widow Mine  
  39  4:01  SCV  
  41  4:11  Marine x2  
  43  4:17  Barracks  
  43  4:18  SCV  
  43  4:19  Barracks  
  43  4:31  Siege Tank  
  43  4:37  Marine x2  
  47  4:39  SCV  
  45  4:50  Orbital Command  
  44  4:54  SCV  
  42  5:03  Siege Tank  
  45  5:07  Marine, Orbital Command  
  45  5:09  Starport Reactor  
  45  5:11  Stimpack  
  45  5:12  SCV  
  47  5:25  SCV  
  48  5:33  SCV  
  48  5:34  Engineering Bay  
  48  5:35  Marine x3  
  50  5:37  SCV  
  50  5:38  Siege Tank  
  56  5:45  SCV  
  56  5:49  SCV  
  58  5:53  Marine x3  
  61  5:59  Refinery  
  61  6:00  Starport Reactor, Supply Depot  
  61  6:02  Terran Infantry Weapons Level 1  
  61  6:04  Marine x2  
  61  6:11  Marine x3, SCV  
  65  6:13  SCV  
  68  6:19  Supply Depot  
  68  6:22  Marine x2  
  68  6:27  SCV x2  
  68  6:28  Siege Tank, Marine  
  68  6:29  Marine x2  
  60  6:40  Marine  
  60  6:42  SCV x2  
  60  6:44  Marine  
  60  6:46  Marine x2, Medivac  
  66  6:50  Marine  
  66  6:52  Refinery  
  67  6:54  SCV x2, Medivac  
  67  6:57  Marine  
  72  7:02  Marine  
  72  7:04  Marine  
  72  7:05  Marine  
  72  7:08  Marine  
  76  7:12  Combat Shields  
  76  7:13  SCV x2  
  76  7:15  Marine  
  75  7:20  Marine  
  75  7:22  Marine x2  
  68  7:25  Siege Tank  
  68  7:26  Marine  
  74  7:33  Marine  
  74  7:35  SCV x2  
  77  7:38  Marine  
  77  7:40  Marine x2  
  77  7:43  Marine, Supply Depot  
  81  7:48  Command Center  
  81  7:50  Medivac x2  
  85  7:56  SCV  
  86  8:01  SCV  
  85  8:11  Marine  
  85  8:12  Marine x4  
  90  8:13  Siege Tank  
  90  8:14  SCV  
  90  8:19  Medivac  
  82  8:26  Medivac  
  86  8:29  Marine  
  86  8:30  Marine x2  
  86  8:34  Marine x2  
  87  8:42  Terran Infantry Armor Level 1  
  87  8:43  SCV, Engineering Bay, Barracks  
  87  8:44  SCV, Armory  
  87  8:45  Barracks  
  89  8:52  Siege Tank  
  89  8:54  Medivac  
  94  8:59  Marine x2  
  96  9:03  Orbital Command  
  96  9:06  SCV  
  90  9:17  Marine x2  
  84  9:18  Marine x2  
  84  9:20  Marine  
  83  9:24  Siege Tank  
  86  9:32  Barracks Reactor x2  
  86  9:33  Terran Infantry Weapons Level 2  
  86  9:34  SCV x3, Marine  
  88  9:46  SCV  
  86  9:54  Marine x4  
  86  9:55  Marine  
  85  10:00  Medivac x2  
  90  10:04  Siege Tank  
  97  10:10  Marine x3, Refinery  
  97  10:11  Marine, Refinery  
  97  10:12  Marine x3  
  104  10:14  Sensor Tower  
  104  10:15  Marine x2, Supply Depot  
  104  10:16  Supply Depot  
  104  10:18  Missile Turret  
  106  10:28  Marine x4  
  106  10:29  Marine  
  106  10:30  Marine  
  107  10:37  Siege Tank  
  107  10:41  Marine  
  107  10:42  Marine x2  
  113  10:48  Marine  
  113  10:49  Marine x4  
  117  11:05  Marine x4  
  117  11:06  Marine  
  117  11:07  Marine x3  
  117  11:09  Terran Infantry Armor Level 2, Terran Vehicle Weapons Level 1  
  125  11:13  Marine  
  125  11:15  Supply Depot  
  125  11:16  Medivac  
  125  11:17  Siege Tank, Medivac  
  127  11:21  Supply Depot  
  127  11:22  Supply Depot  
  127  11:23  Marine  
  127  11:24  Marine x3  
  131  11:27  Marine, Missile Turret  
  131  11:28  Marine  
  131  11:31  Missile Turret  
  130  11:33  Marine x3  
  133  11:41  Marine  
  133  11:46  Medivac  
  126  11:47  Marine x4  
  126  11:50  Siege Tank  
  132  12:02  Marine  
  128  12:13  Marine x5  
  128  12:15  Missile Turret  
  135  12:19  Medivac  
  134  12:25  Marine x2, Missile Turret  
  120  12:37  Marine x3  
  120  12:38  Marine  
  120  12:41  Marine  
  120  12:42  Marine x2  
  126  12:49  Marine x2  
  128  12:55  Marine x2  
  128  12:57  Siege Tank, Marine  
  127  12:58  Medivac x2  
  131  13:06  Marine x2  
  128  13:15  SCV x3  
  128  13:16  Marine x4  
Tags
 
Add a new tag
Caveats
  • Supply blocks, unpowered buildings, or Contaminate may cause inaccurate times.
  • Supply counts are checked every 10 seconds.